 Dungeon Crawl Stone Soup version 0.28.0 (webtiles) character file.

Game seed: 4838438561858025008

22 bunbun39 the Prestidigitator (level 2, 0/23 HPs)
             Began as a Gnoll Wanderer on Feb 8, 2022.
             Was an Initiate of Gozag.
             Killed by nerve-wracking pain
             ... invoked by Jessica
              (8 damage)
             ... on level 2 of the Dungeon.
             The game lasted 00:11:56 (1003 turns).

bunbun39 the Prestidigitator (Gnoll Wanderer)       Turns: 1003, Time: 00:11:57

Health: 0/23       AC:  5    Str:  9    XL:     2   Next: 91%
Magic:  1/2        EV: 10    Int: 11    God:    Gozag
Gold:   199        SH:  0    Dex: 13    Spells: 1/2 levels left

rFire   . . .      SeeInvis .   j - +1 spear
rCold   . . .      Faith    .   (no shield)
rNeg    . . .      Spirit   .   o - +0 ring mail
rPois   .          Reflect  .   (no helmet)
rElec   .          Harm     .   (no cloak)
rCorr   .          Rampage  .   (no gloves)
Will    .....                   (no boots)
Stlth   +.........              (no amulet)
HPRegen 0.07/turn               (no ring)
MPRegen 0.08/turn               (no ring)

@: studying Polearms
A: fangs 1, strong nose, distributed training
a: Renounce Religion, Potion Petition, Call Merchant, Bribe Branch


You were on level 2 of the Dungeon.
You worshipped Gozag.
Gozag was aware of your devotion.
You visited 1 branch of the dungeon, and saw 2 of its levels.

You collected 199 gold pieces.

Inventory:

Hand Weapons
 a - a +1 dagger
 f - a +0 short sword
 g - a +0 whip
 j - a +1 spear (weapon)
 m - a +0 whip
 n - a +0 hunting sling
 q - a +0 dagger
 s - a +0 dagger
Missiles
 h - 57 stones
 r - 16 sling bullets
Armour
 d - a +0 robe
 k - a +0 leather armour
 l - a +0 leather armour
 o - a +0 ring mail (worn)
Wands
 e - a wand of mindburst (10) (quivered)
Scrolls
 b - 2 scrolls of fog
 c - a scroll of teleportation
 t - a scroll of acquirement {unknown}
Potions
 i - a potion of brilliance {unknown}
 p - a potion of mutation {unknown}


   Skills:
 + Level 2.5 Fighting
 + Level 0.5 Short Blades
 + Level 0.5 Long Blades
 + Level 0.5 Axes
 + Level 0.5 Maces & Flails
 + Level 1.0 Polearms
 + Level 0.5 Staves
 + Level 0.5 Slings
 + Level 0.5 Bows
 + Level 0.5 Crossbows
 + Level 0.5 Throwing
 + Level 0.5 Armour
 + Level 2.5 Dodging
 + Level 2.3 Stealth
 + Level 0.5 Shields
 + Level 4.5 Unarmed Combat
 + Level 0.5 Spellcasting
 + Level 0.4 Conjurations
 + Level 0.4 Hexes
 + Level 0.4 Summonings
 + Level 0.4 Necromancy
 + Level 0.4 Translocations
 + Level 0.4 Transmutations
 + Level 0.4 Fire Magic
 + Level 0.4 Ice Magic
 + Level 0.4 Air Magic
 + Level 0.4 Earth Magic
 + Level 0.4 Poison Magic
 + Level 0.7 Invocations
 + Level 10.4 Evocations


You had one spell level left.
You knew the following spells:

 Your Spells              Type           Power      Damage    Failure   Level
a - Foxfire               Conj/Fire      4%         2x1d4     63%         1

Your spell library contained the following spells:

 Spells                   Type           Power      Damage    Failure   Level
 Portal Projectile        Hex/Tloc       2%         N/A       94%         3
 Blade Hands              Tmut           0%         N/A       100%        5
 Excruciating Wounds      Necr           0%         N/A       100%        5


Dungeon Overview and Level Annotations

Branches:
Dungeon (2/15)

Altars:
Gozag

Annotations:
D:2 Jessica


Innate Abilities, Weirdness & Mutations

You have very sharp teeth.
Your uncanny sense of smell can sniff out nearby items.
Your experience applies equally to all skills.


Message History

f - a +0 short sword A rat comes into view.
Found a scroll labelled PAOKKETUIZ.
The rat bites you.
You hit the rat.
The rat is severely wounded.
The rat bites you but does no damage.
You hit the rat.
You kill the rat!
You now have 199 gold pieces (gained 5).
Jessica the Apprentice Sorceress comes into view.
She is wielding a +0 club.
You see here a scroll labelled PAOKKETUIZ.
t - a scroll labelled PAOKKETUIZ Jessica shouts!
Jessica gestures wildly while chanting.
Jessica blinks!
Casting: Foxfire (safe; 63% risk of failure)
Confirm with . or Enter, or press ? or * to list all spells.
You conjure some foxfire!
You hit Jessica but do no damage. You bite Jessica, but do no damage.
The foxfire hits Jessica.
Jessica is lightly wounded.
The foxfire hits Jessica but does no damage.
Jessica is lightly wounded.
Jessica grins evilly.
Jessica hits you with a +0 club.
You barely miss Jessica. Your bite misses Jessica.
Jessica is lightly wounded.
Jessica hits you with a +0 club.
You hit Jessica but do no damage. You punch Jessica.
You bite Jessica, but do no damage.
Jessica is moderately wounded.
Jessica points at you and mumbles some strange words.
Pain shoots through your body!
You barely miss Jessica.
Jessica is moderately wounded.
Jessica gestures at you while chanting. Pain shoots through your body!
You die...
Your body crumbles into a pile of gold.

#.# #.##.# #.# #.##.#
..# #.# #.##.# #.#
#.##.# #.# #.##.### #.#
#......# #.######..###.#
##########.........# #..
......@@##.........###.#
.......................#
########################


You could see Jessica.

Vanquished Creatures
  A dart slug (D:1)
  2 endoplasms (D:2)
  A giant cockroach (D:1)
  A goblin (D:1)
  3 jackals (D:1)
  4 kobolds
  3 ball pythons (D:1)
  A bat (D:1)
  4 rats
20 creatures vanquished.

Vanquished Creatures (others)
  2 foxfires (D:2)
  A fungus (D:2)
3 creatures vanquished.

Grand Total: 23 creatures vanquished

Notes
Turn   | Place    | Note
-------+----------+-------------------------------------------
     0 | D:1      | Reached skill level 10 in Evocations
     0 | D:1      | bunbun39 the Gnoll Wanderer began the quest for the Orb.
     0 | D:1      | bunbun39 set off with the following items: a +0 dagger, a
                  | scroll of fog, a scroll of teleportation, a +0 robe, a wand
                  | of mindburst (12)
     0 | D:1      | Reached XP level 1. HP: 17/17 MP: 1/1
   227 | D:1      | Found a faded altar of an unknown god.
   230 | D:1      | Got Plato's Incunabulum of Confrontation
   231 | D:1      | Prayed at the altar of an unknown god.
   231 | D:1      | Became a worshipper of Gozag Ym Sagoz the Greedy
   327 | D:1      | Reached XP level 2. HP: 22/23 MP: 2/2
   485 | D:1      | Learned a level 1 spell: Foxfire
   967 | D:2      | Reached skill level 1 in Polearms
   996 | D:2      | Noticed Jessica
  1003 | D:2      | Killed from afar by Jessica

Illustrated notes

Levels and vault maps discovered:
D:1:      minmay_arrival_cross, layout_loops_ring,
          shapermc_ecumenical_altar_rom_forum
D:2:      layout_loops_ring, uniq_jessica, uniq_crazy_yiuf_cottage

Skill      XL: |  1  2 |
---------------+-------+-----
Evocations     | | 10.4
Polearms       | 1 |  1.0
Fighting       | |  2.5
Short Blades   | |  0.5
Long Blades    | |  0.5
Axes           | |  0.5
Maces & Flails | |  0.5
Staves         | |  0.5
Slings         | |  0.5
Bows           | |  0.5
Crossbows      | |  0.5
Throwing       | |  0.5
Armour         | |  0.5
Dodging        | |  2.5
Stealth        | |  2.3
Shields        | |  0.5
Unarmed Combat | |  4.5
Spellcasting   | |  0.5
Conjurations   | |  0.4
Hexes          | |  0.4
Summonings     | |  0.4
Necromancy     | |  0.4
Translocations | |  0.4
Transmutations | |  0.4
Fire Magic     | |  0.4
Ice Magic      | |  0.4
Air Magic      | |  0.4
Earth Magic    | |  0.4
Poison Magic   | |  0.4
Invocations    | |  0.7

Action                   || total
-------------------------++-------
Melee: Dagger            ||    83
       Bite              ||     6
       Punch             ||     5
       Spear             ||     6
 Fire: Hunting sling     ||     2
 Cast: Foxfire           ||     1
Evoke: Wand              ||     2
  Use: Scroll            ||     3
 Stab: Sleeping          ||     1
Armor: Leather armour    ||     5
       Robe              ||     1
       Ring mail         ||    23
Dodge: Dodged            ||    43
